Map: 2000 Atmospheres LE

Players

A.I. 1 (Medium)

  • Race: Terran Terran

Ember - Winner!

  • Race: Zerg Zerg
  • League: Master

VOD

Have the link to the VOD?

Description

Pool, Hatch, Gas --> 3 base muta (PiG style)

Time

  • Played on: Sept. 20, 2021, 2:59 p.m.
  • Length: 8:52
Show
View Real Time Build Order
Export as new Build Order

A.I. 1 (Medium) Terran 

Build Orders:  

Get SALT Encoding   

  12  0:00  SCV  
  13  0:13  SCV  
  14  0:18  Supply Depot  
  14  0:25  SCV  
  15  0:40  SCV  
  16  0:43  Barracks  
  16  0:48  Refinery  
  16  0:52  SCV  
  18  1:04  SCV  
  18  1:15  Supply Depot  
  18  1:29  Marine  
  18  1:31  Barracks, Orbital Command  
  19  1:43  Refinery  
  19  1:47  Barracks Tech Lab  
  19  2:05  Marine  
  20  2:10  Supply Depot  
  20  2:17  Marine  
  21  2:25  Marine  
  21  2:29  SCV  
  23  2:35  Marine  
  24  2:41  SCV  
  24  2:44  Marauder  
  27  2:45  Supply Depot  
  27  2:53  SCV, Marine  
  27  2:55  Engineering Bay  
  29  3:05  Marine  
  30  3:06  SCV  
  30  3:11  Marine  
  32  3:18  SCV  
  33  3:23  Marauder  
  35  3:30  SCV  
  36  5:03  Barracks Tech Lab, SCV  
  36  5:05  Factory  
  37  5:08  Factory  
  37  5:10  Missile Turret  
  37  5:11  Missile Turret  
  37  5:14  Barracks  
  37  5:16  Supply Depot  
  37  5:27  Sensor Tower  
  37  5:32  Bunker  
  35  5:51  Starport  
  35  5:52  Factory Tech Lab  
  35  5:53  Factory Tech Lab  
  35  5:54  Command Center  
  35  5:56  Marauder  
  30  6:09  Marine  
  28  6:19  Armory  
  28  6:22  Marine  
  29  6:26  Barracks Reactor  
  29  6:30  Starport Tech Lab  
  29  6:36  Marine  
  30  6:48  Raven  
  30  6:49  Marine  
  33  7:03  Marine  
  33  7:07  SCV  
  33  7:08  Refinery  
  35  7:09  SCV  
  36  7:17  Missile Turret, Marine  
  36  7:19  SCV, Missile Turret  
  36  7:22  SCV, Refinery  
  39  7:31  SCV, Marauder, Raven  
  39  7:34  SCV  
  45  7:38  Bunker  
  45  7:43  SCV  
  46  7:44  Siege Tank  
  46  7:46  SCV  
  50  7:55  SCV  
  50  7:58  SCV, Siege Tank  
  55  8:07  SCV  
  55  8:10  SCV  
  57  8:16  Cyclone  
  57  8:19  SCV  
  60  8:22  SCV  
  61  8:31  SCV  
  61  8:33  Marine  
  57  8:34  SCV  
  57  8:36  Supply Depot  
Show
View Real Time Build Order
Export as new Build Order

Ember Zerg - Winner!

Build Orders: Pool First, Muta Ling Bane 

Get SALT Encoding   

  12  0:00  Drone  
  13  0:12  Overlord  
  13  0:17  Drone  
  14  0:32  Drone x2  
  16  0:36  Drone  
  17  0:46  Spawning Pool  
  17  0:48  Drone  
  17  1:09  Hatchery  
  16  1:11  Drone  
  16  1:16  Extractor, Drone  
  17  1:20  Drone  
  18  1:28  Drone  
  19  1:33  Queen  
  19  1:39  Zergling x2  
  22  1:50  Overlord  
  22  2:08  Queen  
  22  2:10  Drone  
  22  2:14  Drone  
  26  2:20  Metabolic Boost  
  26  2:23  Drone x2  
  28  2:33  Drone x2  
  30  2:42  Drone x2  
  32  2:44  Hatchery  
  32  2:49  Queen  
  33  2:55  Overlord  
  33  2:59  Drone x2  
  33  3:01  Drone  
  36  3:06  Overlord  
  36  3:19  Drone x4  
  40  3:20  Drone x2  
  42  3:31  Queen x2  
  46  3:37  Overlord x2  
  46  3:53  Drone x3  
  48  3:56  Drone x3  
  48  4:00  Zergling x6  
  48  4:01  Zergling x4  
  56  4:04  Overlord  
  56  4:07  Overlord  
  56  4:11  Lair  
  56  4:25  Extractor  
  56  4:27  Baneling Nest  
  54  4:37  Drone  
  54  4:38  Drone x7  
  60  4:39  Zergling x2, Drone x2  
  65  4:50  Drone x3  
  68  4:54  Queen  
  68  4:56  Drone x3  
  68  4:57  Drone x4  
  77  5:06  Overlord  
  77  5:19  Hatchery  
  77  5:20  Hatchery  
  75  5:21  Overlord x2  
  75  5:24  Hatchery  
  74  5:37  Centrifical Hooks  
  74  5:38  Spire  
  74  5:39  Zergling x12  
  77  5:44  Zergling x12  
  77  5:57  Zergling x6  
  77  5:58  Zergling x8  
  81  6:05  Zergling x4  
  81  6:08  Extractor  
  81  6:10  Extractor  
  81  6:11  Extractor x2  
  79  6:13  Evolution Chamber  
  79  6:14  Drone x4  
  79  6:15  Evolution Chamber  
  79  6:17  Drone  
  79  6:18  Drone x2  
  83  6:19  Drone x2  
  85  6:36  Baneling  
  85  6:40  Drone x4  
  85  6:41  Overlord x3, Drone  
  85  6:42  Zergling x8  
  85  6:43  Zergling x10  
  99  6:52  Queen  
  101  6:57  Zergling x6  
  101  6:58  Overlord  
  104  7:07  Mutalisk  
  104  7:08  Mutalisk x7  
  108  7:12  Mutalisk  
  108  7:15  Zergling x6  
  125  7:35  Zergling x6  
  125  7:36  Zergling x24  
  140  7:46  Overseer  
  140  7:50  Overlord x2  
  140  8:00  Drone x2  
  140  8:01  Drone x12  
  140  8:05  Baneling x6  
  154  8:06  Baneling x2  
  154  8:07  Baneling x2  
  154  8:29  Zergling x8  
  154  8:30  Zergling x4  
Tags
 
Add a new tag
Caveats
  • Supply blocks, unpowered buildings, or Contaminate may cause inaccurate times.
  • Supply counts are checked every 10 seconds.